 Dungeon Crawl Stone Soup version 0.23.2-30-g0e89c35649 (webtiles) character file.

Game seed: 16335756075085666139

343 Revguard the Cudgeler (level 6, -6/61 HPs)
             Began as a Troll Berserker on June 17, 2019.
             Was a Priest of Trog.
             Mangled by an ice beast (13 damage)
             ... on level 3 of the Dungeon.
             The game lasted 00:08:21 (2145 turns).

Revguard the Cudgeler (Troll Berserker)             Turns: 2145, Time: 00:08:22

Health: -6/61      AC:  6    Str: 26    XL:     6   Next: 31%
Magic:  5/5        EV: 11    Int:  3    God:    Trog [***...]
Gold:   149        SH:  0    Dex: 11    Spells: 5/5 levels left

rFire    . . .     SeeInvis .   a - +0 mace
rCold    . . .     Gourm    +   (no shield)
rNeg     . . .     Faith    .   b - +0 animal skin
rPois    .         Spirit   .   (helmet restricted)
rElec    .         Reflect  .   (no cloak)
rCorr    .         Harm     .   (gloves unavailable)
MR       ++...                  (boots unavailable)
Stlth    +.........             (no amulet)
HPRegen  1.60/turn              g - ring of flight
MPRegen  0.09/turn              (no ring)

@: berserk cooldown, regenerating
A: large, unfitting armour, claws 3, fast metabolism 3, gourmand, regeneration
1, shaggy fur 1, tough skin 3
a: Berserk, Trog's Hand, Renounce Religion, Evoke Flight


You were on level 3 of the Dungeon.
You worshipped Trog.
Trog was most pleased with you.
You were very full.

You visited 1 branch of the dungeon, and saw 3 of its levels.

You collected 149 gold pieces.

Inventory:

Hand Weapons
 a - a +0 mace (weapon)
Armour
 b - a +0 animal skin (worn)
Jewellery
 g - a ring of flight (left claw)
Wands
 j - a wand of iceblast (20)
Scrolls
 d - a scroll of fear {unknown}
 h - a scroll of enchant weapon {unknown}
 k - a scroll of magic mapping {unknown}
 l - a scroll of random uselessness {unknown}
 m - 2 scrolls of fog {unknown}
Potions
 f - a potion of curing
 i - a potion of magic
 n - a potion of heal wounds
Comestibles
 c - 8 rations
 o - a chunk of flesh


   Skills:
 + Level 3.2 Fighting
 + Level 4.8 Maces & Flails
 + Level 4.0 Dodging


You had 5 spell levels left.
You didn't know any spells.
Your spell library was empty.

Dungeon Overview and Level Annotations

Branches:
Dungeon (3/15)

Altars:
Dithmenos
Gozag
Ru
Trog


Innate Abilities, Weirdness & Mutations

You are too large for most types of armour.
You have claws for hands.
Your metabolism is lightning-fast.
You like to eat raw meat.
Your natural rate of healing is unusually fast.
You are covered in fur. (AC +1)
You have extremely tough skin. (AC +3)


Message History

* * * LOW HITPOINT WARNING * * *
The adder bites you but does no damage.
The hobgoblin hits you but does no damage.
The goblin barely misses you.
The ice beast hits you but does no damage.
You hit the ice beast.
The ice beast is almost dead.
The adder bites you but does no damage.
The hobgoblin hits you but does no damage.
The goblin hits you but does no damage. The adder bites you but does no damage.
The ice beast barely misses you.
You hit the ice beast but do no damage.
The ice beast is almost dead.
The hobgoblin hits you with a +0 club!
* * * LOW HITPOINT WARNING * * *
The adder closely misses you. The goblin closely misses you.
The ice beast hits you.
* * * LOW HITPOINT WARNING * * *
The ice beast freezes you!
You die...

#.8..8..8.######..
#.........# ##.
##+##'##+## #.....
##.)#..# #.###.
##...##.# #.# ##
#...## #.. #.#
#..## .## #.#
#Y##+##+ # #.#
#@gw...# #.#
#Sg....# #.#
#r.....# #.#
#...###.. #<#
#)..# . #.# #...#
###.#### ####.
#....... ..
#.#..... #.######


You could see an ice beast, a worm, an adder, a hobgoblin, a goblin and a rat.

Vanquished Creatures
  Sigmund (D:2)
  Ijyb (D:3)
  A gnoll (D:2)
  6 adders
  An ooze (D:1)
  3 worms (D:2)
  A dart slug (D:1)
  A leopard gecko (D:2)
  An orc (D:3)
  2 giant cockroaches (D:3)
  10 goblins
  8 hobgoblins
  7 jackals
  2 quokkas
  A ball python (D:1)
  13 bats
  A frilled lizard (D:2)
  4 kobolds
  10 rats
74 creatures vanquished.

Notes
Turn   | Place    | Note
-------+----------+-------------------------------------------
     0 | D:1      | Revguard the Troll Berserker began the quest for the Orb.
     0 | D:1      | Reached XP level 1. HP: 22/22 MP: 0/0
   155 | D:1      | Reached XP level 2. HP: 15/29 MP: 1/1
   563 | D:1      | Reached XP level 3. HP: 23/36 MP: 2/2
   617 | D:1      | Reached ** piety under Trog
   905 | D:2      | Found a shadowy altar of Dithmenos.
   967 | D:2      | Found a bloodstained altar of Trog.
  1059 | D:2      | Reached XP level 4. HP: 29/44 MP: 3/3
  1154 | D:2      | Found a sacrificial altar of Ru.
  1236 | D:2      | Noticed Sigmund
  1249 | D:2      | Killed Sigmund
  1249 | D:2      | Reached XP level 5. HP: 53/53 MP: 4/4
  1420 | D:2      | Reached XP level 6. HP: 61/61 MP: 5/5
  1915 | D:3      | Noticed Ijyb
  1931 | D:3      | Killed Ijyb
  1986 | D:3      | Found an opulent altar of Gozag.
  2080 | D:3      | Reached *** piety under Trog
  2128 | D:3      | Noticed an ice beast
  2145 | D:3      | Mangled by an ice beast

Skill      XL: |  1  2  3  4  5  6 |
---------------+-------------------+-----
Maces & Flails | 3 4 |  4.8
Dodging        | 3 4 |  4.0
Fighting       | 3 |  3.2

Action                   |  1- 3 |  4- 6 || total
-------------------------+-------+-------++-------
Melee: Mace              |   158 |   111 ||   269
Invok: Berserk           |       |     3 ||     3
       Trog's Hand       |       |     2 ||     2
  Use: Potion            |     2 |     1 ||     3
       Scroll            |       |     4 ||     4
  Eat: Chunk             |    16 |    13 ||    29
Armor: Animal skin       |   116 |    88 ||   204
Dodge: Dodged            |   166 |   127 ||   293
